 Dungeon Crawl Stone Soup version 0.18.1-48-g4cf74bf (webtiles) character file.

39 Melfield the Gusty (level 3, 0/26 HPs)
             Began as a Demigod Air Elementalist on Aug 11, 2016.
             Slain by an orc priest
             ... wielding a +0 flail
              (9 damage)
             ... on level 3 of the Dungeon.
             The game lasted 00:11:13 (3559 turns).

Melfield the Gusty (Demigod Air Elementalist)       Turns: 3559, Time: 00:11:14

Health: 0/26       AC:  2    Str: 11    XL:     3   Next: 13%
Magic:  0/8        EV: 12    Int: 21    God:
Gold:   23         SH:  4    Dex: 16    Spells: 1 memorised, 4 levels left

rFire  . . .     SeeInvis .     (no weapon)
rCold  . . .     Gourm    .     a - +0 robe
rNeg   . . .     Faith    .     h - +0 buckler (curse)
rPois  .         Spirit   .     (no helmet)
rElec  .         Dismiss  .     (no cloak)
rCorr  .         Reflect  .     (no gloves)
SustAt +         Harm     .     (no boots)
MR     .....                    (no amulet)
Stlth  ++........               (no ring)
                                (no ring)

@: very slightly contaminated, not resistant to hostile enchantments, unstealthy
A: high mp 1, sustain attributes
a: no special abilities


You were on level 3 of the Dungeon.
You were not hungry.

You visited 1 branch of the dungeon, and saw 3 of its levels.

You collected 23 gold pieces.

Inventory:

Armour
 a - a +0 robe (worn)
 h - a cursed +0 buckler (worn)
 k - a +0 leather armour
Scrolls
 e - 3 scrolls of identify {unknown}
 g - a scroll of remove curse {unknown}
 j - a scroll of enchant weapon {unknown}
Potions
 d - a potion of mutation {unknown}
 f - a potion of degeneration {unknown}
Books
 b - a book of Air

   Spells                             Type                      Level
   a - Shock                          Conjuration/Air              1
   b - Swiftness                      Charms/Air                   2
   c - Repel Missiles                 Charms/Air                   2
   d - Static Discharge               Conjuration/Air              3
   e - Lightning Bolt                 Conjuration/Air              5
Comestibles
 c - a bread ration


   Skills:
 + Level 2.1 Dodging
 + Level 2.1 Stealth
 + Level 0.5 Shields
 + Level 1.9 Spellcasting
 + Level 1.1 Conjurations
 + Level 3.2 Air Magic


You had 4 spell levels left.
You knew the following spells:

 Your Spells              Type           Power        Failure   Level  Hunger
a - Shock                 Conj/Air       ##..         12%         1    #......


Dungeon Overview and Level Annotations

Branches:
Dungeon (3/15)

Annotations:
D:3 ThereIsNoGod's ghost, amateur MiGl


Innate Abilities, Weirdness & Mutations

You have an increased reservoir of magic (+10% MP).
Your attributes are resistant to harm.


Message History

Aiming: Shock
Press: ? - help, Shift-Dir - straight line, f/p - orc priest
Aim: an orc priest, wielding a flail and wearing a leather armour (severely wounded)
The zap hits the orc priest.
The orc priest is almost dead.
The orc priest hits you with a flail!
Casting: Shock
Confirm with . or Enter, or press ? or * to list all spells.
You don't know that spell.
Unknown command.
Casting: Shock
Confirm with . or Enter, or press ? or * to list all spells.
You don't have enough magic to cast that spell.
Casting: Shock
Confirm with . or Enter, or press ? or * to list all spells.
You don't have enough magic to cast that spell.
You completely miss the orc priest.
The orc priest is almost dead.
The orc priest hits you with a flail!
You die...

###########
#...@o)...####
####.#######?...#######
#.....# #..........#
......$..#
#.....####.##
......W..#
#.###.###....
.........# #.#
#......## ..........
..>..###...#
..#........ .... .
#..... ......?....
............###


You could see an orc priest.

Vanquished Creatures
  An ooze (D:2)
  A giant gecko (D:1)
  2 orcs (D:3)
  3 bats
  A giant cockroach (D:2)
  2 goblins
  7 hobgoblins
  7 kobolds
  A quokka (D:2)
  A giant newt (D:2)
  A rat (D:2)
27 creatures vanquished.

Notes
Turn   | Place    | Note
--------------------------------------------------------------
     0 | D:1      | Melfield the Demigod Air Elementalist began the quest for the Orb.
     0 | D:1      | Reached XP level 1. HP: 14/14 MP: 5/5
   572 | D:2      | Reached skill level 3 in Air Magic
  1524 | D:2      | Reached XP level 2. HP: 20/20 MP: 5/7
  1556 | D:2      | Found a snail-covered altar of Cheibriados.
  2421 | D:2      | Reached skill level 1 in Conjurations
  2642 | D:3      | Noticed ThereIsNoGod's ghost (amateur MiGl)
  3160 | D:3      | Reached XP level 3. HP: 26/26 MP: 3/8
  3559 | D:3      | Slain by an orc priest

Skill      XL: |  1  2 |
---------------+-------+-----
Air Magic      | 3 |  3.2
Dodging        | 2 |  2.1
Stealth        | 2 |  2.1
Conjurations   | 1 |  1.1
Shields        | |  0.5
Spellcasting   | |  1.9

Action                   || total
-------------------------++-------
Melee: Unarmed           ||    13
 Cast: Shock             ||    69
  Eat: Bread ration      ||     1
       Pizza             ||     1
       Meat ration       ||     1
Armor: Robe              ||    20
Dodge: Dodged            ||    73
Block: Buckler           ||    19
